 Dungeon Crawl Stone Soup version 0.29.1-15-g9cfb28693d (console) character file.

Game seed: 15184310687158521526

735 om the Grave Robber (level 7, -1/50 HPs)
             Began as a Hill Orc Necromancer on Apr 25, 2023.
             Was an Initiate of Beogh.
             Slain by an ogre
             ... wielding a +0 giant club
              (15 damage)
             ... while paralysed by Grinder
             ... on level 5 of the Dungeon.
             The game lasted 00:15:10 (4546 turns).

om the Grave Robber (Hill Orc Necromancer)          Turns: 4546, Time: 00:15:11

Health: -1/50      AC:  5    Str: 11    XL:     7   Next: 74%
Magic:  10/13      EV:  2    Int: 17    God:    Beogh [......]
Gold:   239        SH:  0    Dex: 11    Spells: 10/14 levels left

rFire   . . .      SeeInvis .   n - +1 trident (venom)
rCold   . . .      Faith    .   p - orb {light}
rNeg    . . .      Spirit   .   w - +0 robe {Will+}
rPois   .          Reflect  .   (no helmet)
rElec   .          Harm     .   s - +2 cloak
rCorr   .          Rampage  .   (no gloves)
Will    +....                   (no boots)
Stlth   +.........              q - amulet of magic regeneration
HPRegen 0.16/turn               (no ring)
MPRegen 0.53/turn               (no ring)

@: paralysed, glowing
A: no striking features
a: Renounce Religion


You were on level 5 of the Dungeon.
You worshipped Beogh.
Beogh was noncommittal.
You visited 1 branch of the dungeon, and saw 5 of its levels.

You collected 239 gold pieces.

Inventory:

Hand Weapons
 n - a +1 trident of venom (weapon)
 t - a +2 rapier of holy wrath
Armour
 a - +0 fire dragon scales
 p - an orb of light (worn)
 s - a +2 cloak (worn)
 w - a +0 robe of willpower (worn)
Jewellery
 q - an amulet of magic regeneration (around neck)
Scrolls
 c - 2 scrolls of magic mapping {unknown}
 d - 3 scrolls of vulnerability {unknown}
 e - a scroll of noise {unknown}
 j - a scroll of teleportation
 k - 4 scrolls of blinking
 l - 3 scrolls of butterflies
 m - a scroll of silence {unknown}
 o - a scroll of enchant armour {unknown}
 r - a scroll of brand weapon {unknown}
 u - a scroll of enchant weapon {unknown}
 v - a scroll of identify
 x - a scroll of immolation {unknown}
Potions
 b - a potion of magic
 f - 2 potions of curing
 g - 2 potions of heal wounds {unknown}
 h - 2 potions of brilliance
 i - 2 potions of degeneration
 z - a potion of berserk rage {unknown}


   Skills:
 + Level 3.0 Polearms
 * Level 1.2 Armour
 + Level 4.0 Dodging
 - Level 1.5 Stealth
 * Level 4.1 Spellcasting
 + Level 5.1 Necromancy


You had 10 spell levels left.
You knew the following spells:

 Your Spells              Type           Power      Damage    Failure   Level
a - Necrotise             Necr           84%        1d8       1%          1
b - Vampiric Draining     Necr           21%        2d7       5%          3

Your spell library contained the following spells:

 Spells                   Type           Power      Damage    Failure   Level
 Animate Dead             Necr           21%        N/A       19%         4
 Conjure Flame            Conj/Fire      3%         6-21      43%         3
 Inner Flame              Hex/Fire       3%         N/A       43%         3
 Agony                    Necr           21%        N/A       45%         5
 Sticky Flame             Conj/Fire      3%         2d3       83%         4


Dungeon Overview and Level Annotations

Branches:
Dungeon (5/15)
 Temple: D:4-7

Altars:
Ashenzari
Elyvilon
Makhleb
Qazlal
Wu Jian

Annotations:
D:5 Dowan, Grinder


Message History

Your magical contamination has completely faded away.
Your surroundings suddenly seem different.
There is a stone staircase leading up here.
You start resting.
Magic restored.
You start resting.
HP restored.
Things that are here:
a +0 dagger; a +0 robe
There is a shaft here.
There is a shaft here.
There is a shaft here.
There is a shaft here.
An ogre comes into view. It is wielding a +0 giant club.
Found 7 stones.
The ogre shouts!
The ogre writhes in agony.
The ogre writhes in agony.
The ogre writhes in agony.
The ogre writhes in agony.
Grinder comes into view.
The ogre hits you with a +0 giant club!
Casting: Necrotise (safe; 1% risk of failure)
Confirm with . or Enter, or press ? or * to list all spells.
Aiming: Vampiric Draining (dangerous; 5% risk of failure)
Press: ? - help, Shift-Dir - straight line, f/p - ogre
Aim: an ogre, wielding a +0 giant club (heavily wounded, haloed)
You draw life force from the ogre!
You feel life coursing into your body.
Grinder shouts!
The ogre closely misses you. Grinder gestures at you.
You resist with almost no effort.
The ogre writhes in agony.
Grinder gestures at you.
You suddenly lose the ability to move!
The ogre hits you with a +0 giant club!!
Ouch! That really hurt!
* * * LOW HITPOINT WARNING * * *
The ogre hits you with a +0 giant club!
You die...

#......####
##...#.#####
##......###..
#....####....
##..### #...#
##..## ##..#
###..## ##..
##...## ##.
##...## ##
##...## #
#..@.# #..O##
#....# ##...#
#.... #...5.
.....(.
........
.........#


You could see Grinder and an ogre.

Vanquished Creatures
  Eustachio (D:4)
  Duvessa (D:5)
  An ogre (D:5)
  A scorpion (D:5)
  A necrophage (D:5)
  A hound (D:4)
  3 orc wizards (D:5)
  Ijyb (D:4)
  4 adders
  3 gnolls (D:5)
  An ufetubus (D:5)
  2 dart slugs
  5 orcs
  4 bats
  3 endoplasms
  2 giant cockroaches
  6 hobgoblins
  10 jackals
  10 kobolds
  4 quokkas
  6 ball pythons
  2 frilled lizards
  A goblin (D:1)
  16 rats
89 creatures vanquished.

Vanquished Creatures (collateral kills)
  An endoplasm (D:2)
  A jackal (D:2)
2 creatures vanquished.

Vanquished Creatures (others)
  An orc priest (D:5)
  An orc wizard (D:5)
  An orc (D:5)
  2 plants (D:2)
5 creatures vanquished.

Grand Total: 96 creatures vanquished

Notes
Turn   | Place    | Note
-------+----------+-------------------------------------------
     0 | D:1      | om the Hill Orc Necromancer began the quest for the Orb.
     0 | D:1      | Reached XP level 1. HP: 14/14 MP: 3/3
   456 | D:1      | Reached XP level 2. HP: 20/20 MP: 0/4
   912 | D:2      | Found a faded altar of an unknown god.
  1315 | D:2      | Reached XP level 3. HP: 25/26 MP: 0/6
  1464 | D:2      | Got the Grimoire of Heat
  2265 | D:3      | Found a stormy altar of Qazlal.
  2265 | D:3      | Noticed a fire elemental
  2268 | D:3      | Noticed an air elemental
  2268 | D:3      | Noticed a water elemental
  2268 | D:3      | Noticed an earth elemental
  2319 | D:3      | Reached XP level 4. HP: 30/33 MP: 4/7
  2453 | D:3      | Learned a level 3 spell: Vampiric Draining
  2767 | D:3      | Found a broken altar of Ashenzari.
  2800 | D:3      | Noticed a scorpion
  2977 | D:4      | Found a white marble altar of Elyvilon.
  3134 | D:4      | Noticed Ijyb
  3143 | D:4      | Killed Ijyb
  3144 | D:4      | Reached skill level 1 in Polearms
  3144 | D:4      | Reached XP level 5. HP: 20/38 MP: 3/8
  3262 | D:4      | Found an ornate altar of the Wu Jian Council.
  3307 | D:4      | Noticed Eustachio
  3334 | D:4      | Killed Eustachio
  3335 | D:4      | Reached XP level 6. HP: 25/45 MP: 6/10
  3700 | D:5      | Entered Level 5 of the Dungeon
  3732 | D:5      | Found a burning altar of Makhleb.
  3757 | D:5      | Reached XP level 7. HP: 32/50 MP: 1/12
  3947 | D:5      | Reached skill level 5 in Necromancy
  4281 | D:5      | Became a worshipper of Beogh the Brigand
  4359 | D:5      | Noticed Duvessa
  4359 | D:5      | Noticed Dowan
  4388 | D:5      | Killed Duvessa
  4389 | D:5      | Reached skill level 1 in Armour
  4541 | D:5      | Noticed Grinder
  4544 | D:5      | Paralysed by Grinder for 5 turns
  4546 | D:5      | Slain by an ogre

Illustrated notes

Levels and vault maps discovered:
D:1:      mainiacjoe_arrival_reflecting_pool, layout_basic
D:2:      layout_loops_corners, serial_forest, infiniplex_forest_lined_2,
          infiniplex_forest_straight_2, infiniplex_forest_straight_2,
          infiniplex_forest_zigzag_2, infiniplex_forest_clump_curved,
          infiniplex_forest_end_1, infiniplex_forest_side_room,
          infiniplex_forest_straight_4, ebering_ecumenical_altar_rust,
          minmay_rat_gold_closets
D:3:      layout_basic, nicolae_qazlal_style_of_elements,
          nicolae_overflow_crystal_walls
D:4:      layout_rooms, nicolae_elyvilon_peaceful_grove,
          mainiacjoe_overflow_boulevard, kennysheep_cross_bottleneck,
          uniq_eustachio, uniq_ijyb
D:5:      layout_layer_cave, lemuel_doored_altar, minmay_holes, uniq_duvessa,
          uniq_crazy_yiuf_cottage, uniq_grinder

Skill      XL: |  1  2  3  4  5  6  7 |
---------------+----------------------+-----
Dodging        | 2 3 4 |  4.0
Spellcasting   | 2 3 4 |  4.1
Polearms       | 1 2 3 |  3.0
Necromancy     | 5 |  5.1
Armour         | 1 |  1.2
Stealth        | |  1.5

Action                   |  1- 3 |  4- 6 |  7- 9 || total
-------------------------+-------+-------+-------++-------
Melee: Spear             |    19 |       |       ||    19
       Trident           |    61 |    41 |    13 ||   115
       Punch             |     1 |       |       ||     1
       Rapier            |       |       |     1 ||     1
 Cast: Necrotise         |    51 |    45 |    34 ||   130
       Vampiric Draining |       |     7 |     5 ||    12
Invok: Convert to Beogh  |       |       |     1 ||     1
Evoke: Wand              |       |     2 |       ||     2
  Use: Scroll            |     4 |     2 |     1 ||     7
 Stab: Sleeping          |     6 |       |       ||     6
Armor: Robe              |    11 |    14 |     3 ||    28
Dodge: Dodged            |    32 |    41 |    11 ||    84
